 Dungeon Crawl Stone Soup version 0.26.1-2-gb8aa6d0cf2 (webtiles) character file.

Game seed: 2697338154199451662

1456 sking99 the Chopper (level 8, -2/62 HPs)
             Began as a Demonspawn Fighter on Feb 21, 2021.
             Was a Priest of Nemelex Xobeh.
             Killed from afar by Pikel (22 damage)
             ... with a bolt of acid
             ... on level 6 of the Dungeon.
             The game lasted 00:08:45 (6684 turns).

sking99 the Chopper (Demonspawn Fighter)            Turns: 6684, Time: 00:08:47

Health: -2/62      AC: 14    Str: 20    XL:     8   Next: 47%
Magic:  0/11       EV:  4    Int:  9    God:    Nemelex Xobeh [***...]
Gold:   420        SH: 11    Dex: 12    Spells: 7/7 levels left

rFire    . . .     SeeInvis .   a - +1 war axe
rCold    . . .     Faith    .   c - +1 kite shield
rNeg     . . .     Spirit   +   i - +0 plate armour
rPois    .         Reflect  .   (no helmet)
rElec    .         Harm     .   z - +2 cloak
rCorr    .         Rampage  .   (no gloves)
Will     .....                  s - +2 pair of boots
Stlth    ..........             (no amulet)
HPRegen  0.20/turn              (no ring)
MPRegen  0.12/turn              (no ring)

@: corroded
A: talons 1, spiny 1, magic shield
a: Renounce Religion, Draw Escape, Draw Destruction, Draw Summoning, Triple Draw


You were on level 6 of the Dungeon.
You worshipped Nemelex Xobeh.
Nemelex Xobeh was most pleased with you.
You visited 1 branch of the dungeon, and saw 7 of its levels.

You collected 420 gold pieces.

Inventory:

Hand Weapons
 a - a +1 war axe (weapon)
Missiles
 j - a throwing net (quivered)
Armour
 c - a +1 kite shield (worn)
 i - a +0 plate armour (worn)
 s - a +2 pair of boots (worn)
 z - a +2 cloak (worn)
Jewellery
 y - a cursed ring of teleportation {unknown}
 D - an uncursed ring of magical power {unknown}
Wands
 e - a wand of polymorph (5)
 n - a wand of random effects (39)
Scrolls
 g - 5 scrolls of remove curse
 h - 2 scrolls of enchant armour
 k - 2 scrolls of teleportation
 l - 2 scrolls of fog
 m - a scroll of immolation
Potions
 b - a potion of brilliance
 d - a potion of might
 f - a potion of mutation
 p - 2 potions of berserk rage
 q - 3 potions of curing
 r - a potion of lignification
 t - a potion of attraction
 v - a potion of flight
 A - a potion of magic {unknown}
 B - 4 potions of heal wounds
 C - 2 potions of ambrosia


   Skills:
 + Level 5.2 Fighting
 * Level 6.0 Axes
 + Level 4.7 Armour
 + Level 4.7 Shields
 + Level 5.0 Invocations


You had 7 spell levels left.
You didn't know any spells.
Your spell library was empty.

Dungeon Overview and Level Annotations

Branches:
Dungeon (7/15)             Temple (0/1) D:5

Altars:
Gozag
Nemelex Xobeh
Trog
Wu Jian

Annotations:
D:6 Pikel
D:7 Harold, Joseph


Innate Abilities, Weirdness & Mutations

You have sharp toenails.
You are partially covered in sharp spines.
When hurt, damage is shared between your health and your magic reserves.


Message History

Pikel is lightly wounded.
Pikel zaps a wand.
The bolt of acid hits you but does no damage.
The acid corrodes you!
You are splashed with acid!
You barely miss Pikel.
Pikel is lightly wounded.
Pikel zaps a wand.
The bolt of acid hits you!! The acid corrodes you!
You are splashed with acid!
The sentinel's mark upon you fades away.
Pikel says, "Dispater doesn't talk much, but I know they dig me."
Pikel hits you but does no damage.
You climb upwards.
There is a stone staircase leading down here.
You draw a card...
You have drawn Pain.
Press: ? - help, Shift-Dir - straight line, f - Pikel
Aim: Pikel, wielding a +1 whip of flaming, wearing a +0 robe and carrying a wand of acid (8) (lightly wounded) Pikel convulses!
Pikel zaps a wand.
The bolt of acid hits you!!
You die...
Your body disappears without a glow.

#.._..####..##...............
###.#.# #...............(...
#.....# ##.......##.......##
###.### #........#.......#
#.########...>........#..#
#.................##.....##
########.......######...##.
##.......# #..>.....
#.@....## ###.....# #.K...##
##...## ##.#.## #....# #####
#....# #..### ##.# ###


You could see Pikel.

Vanquished Creatures
  2 black bears (D:7)
  2 sky beasts
  A necrophage (D:6)
  An ogre (D:5)
  A boggart (D:5)
  A lemure (D:7)
  A bullfrog (D:6)
  A scorpion (D:6)
  A centaur zombie (D:6)
  4 hounds
  4 orc priests
  A bullfrog skeleton (D:4)
  A gnoll shaman (D:4)
  A jelly (D:7)
  2 iguanas
  An orc wizard (D:5)
  A worker ant (D:5)
  A killer bee zombie (D:7)
  A worker ant zombie (D:5)
  7 gnolls
  4 adders
  A shadow imp (D:6)
  A white imp (D:6)
  2 ufetubi
  An ooze (D:1)
  A worm (D:2)
  2 dart slugs (D:1)
  5 leopard geckos
  16 orcs
  5 bats
  6 giant cockroaches
  6 goblins
  7 hobgoblins
  7 jackals
  6 frilled lizards
  6 kobolds
  7 rats
118 creatures vanquished.

Notes
Turn   | Place    | Note
-------+----------+-------------------------------------------
     0 | D:1      | sking99 the Demonspawn Fighter began the quest for the Orb.
     0 | D:1      | Reached XP level 1. HP: 18/18 MP: 1/1
   211 | D:1      | Reached skill level 2 in Axes
   221 | D:1      | Gained mutation: You are partially covered in sharp spines.
                  | [demonic ancestry]
   221 | D:1      | Reached XP level 2. HP: 12/24 MP: 2/2
   910 | D:1      | Reached XP level 3. HP: 28/29 MP: 3/3
  1783 | D:2      | Found a sparkling altar of Nemelex Xobeh.
  2373 | D:2      | Became a worshipper of Nemelex Xobeh the Trickster
  2543 | D:3      | Found a faded altar of an unknown god.
  2686 | D:3      | Gained mutation: When hurt, damage is shared between your
                  | health and your magic reserves. [demonic ancestry]
  2686 | D:3      | Reached XP level 4. HP: 35/35 MP: 4/4
  3245 | D:3      | Reached skill level 3 in Axes
  3275 | D:4      | Reached * piety under Nemelex Xobeh
  3293 | D:4      | Reached skill level 1 in Invocations
  3340 | D:4      | Reached XP level 5. HP: 22/41 MP: 3/6
  3895 | D:4      | Gained mutation: You have sharp toenails. [demonic
                  | ancestry]
  3895 | D:4      | Reached XP level 6. HP: 33/48 MP: 7/7
  4103 | D:4      | Found a sparkling altar of Nemelex Xobeh.
  4283 | D:5      | Entered Level 5 of the Dungeon
  4399 | D:5      | Found a staircase to the Ecumenical Temple.
  4443 | D:5      | Reached ** piety under Nemelex Xobeh
  4443 | D:5      | Received a gift from Nemelex Xobeh
  4454 | D:5      | Reached skill level 4 in Axes
  4806 | D:5      | Noticed a sky beast
  4826 | D:5      | Killed a sky beast
  4827 | D:5      | Reached XP level 7. HP: 40/54 MP: 6/9
  5086 | D:5      | Found an ornate altar of the Wu Jian Council.
  5455 | D:6      | Reached *** piety under Nemelex Xobeh
  5492 | D:5      | Reached skill level 5 in Axes
  5937 | D:6      | Reached XP level 8. HP: 61/61 MP: 11/11
  5979 | D:6      | Found an opulent altar of Gozag.
  6178 | D:6      | Received a gift from Nemelex Xobeh
  6321 | D:7      | Found a bloodstained altar of Trog.
  6321 | D:7      | Noticed Joseph
  6563 | D:7      | Noticed Pikel
  6606 | D:7      | Reached skill level 5 in Fighting
  6631 | D:7      | Noticed Harold
  6677 | D:7      | Reached skill level 6 in Axes
  6677 | D:7      | Reached skill level 5 in Invocations
  6684 | D:6      | Killed from afar by Pikel

Illustrated notes

Levels and vault maps discovered:
D:1:      elethiomel_arrival_maze, layout_basic, minmay_vboxes
D:2:      layout_basic, nemelex_xobeh_ov_fountains_minmay,
          kennysheep_pointless_box, minivault_27
D:3:      layout_basic, chequers_ecumenical_altar_simple_redux,
          serial_corexii_hall, corexii_hall_statues_t, chequers_hall_statues_y,
          corexii_corridor_pit
D:4:      layout_cave_pools, kennysheep_nondescript,
          nemelex_diamond_rough_becter
D:5:      layout_gridville, general_overflow_altar, minmay_temple_entry_arrows,
          due_unseen_surprise
D:6:      layout_cave_pools, nicolae_gozag_cash_rules_everything_around_me,
          hangedman_decor_opposing
D:7:      layout_basic, trog_ov_bears_minmay, serial_shops,
          nicolae_shop_crystal, columned_hall_lemuel, lemuel_statue_altar,
          uniq_pikel, uniq_joseph, uniq_harold

Skill      XL: |  1  2  3  4  5  6  7  8 |
---------------+-------------------------+-----
Axes           | 2 3 4 5 6 |  6.0
Armour         | 3 4 |  4.7
Shields        | 3 4 |  4.7
Invocations    | 1 2 3 4 5 |  5.0
Fighting       | 4 5 |  5.2

Action                   |  1- 3 |  4- 6 |  7- 9 || total
-------------------------+-------+-------+-------++-------
Melee: War axe           |   130 |   126 |    94 ||   350
Invok: Draw Destruction  |       |       |     4 ||     4
       Draw Escape       |       |       |     1 ||     1
  Use: Scroll            |       |       |    23 ||    23
Armor: Scale mail        |    32 |       |       ||    32
       Plate armour      |    33 |   109 |    82 ||   224
Dodge: Dodged            |    30 |    16 |    18 ||    64
Block: Kite shield       |    74 |    70 |    59 ||   203
